 Dungeon Sprint DCSS version 0.17-a0-1946-gfb768fe (webtiles) character file.

72 esc the Insei (level 4, -3/31 HPs)
             Began as an Octopode Transmuter on Oct 1, 2015.
             Slain by a water elemental (16 damage)
             ... in the Dungeon (Sprint III: "The Ten Rune Challenge").
             The game lasted 00:02:27 (556 turns).

esc the Insei (Octopode Transmuter)                  Turns: 556, Time: 00:02:27

Health: -3/31      AC:  2    Str:  9    XL:     4   Next: 26%
Magic:  7/9        EV: 22    Int: 16    God:
Gold:   34         SH:  0    Dex: 17    Spells: 3 memorised, 4 levels left

rFire  . . .     SeeInvis .       - Unarmed
rCold  . . .     Clarity  .     (shield currently unavailable)
rNeg   . . .     SustAt   .     (helmet currently unavailable)
rPois  x         Gourm    .     (no amulet)
rElec  .         Spirit   .     (no ring)
rCorr  .         Warding  .     (no ring)
rMut   .         NoTele   +     (no ring)
MR     .....                    (no ring)
Stlth  ++........               (no ring)
                                (no ring)
                                (no ring)
                                (no ring)

@: spider-form, not resistant to hostile enchantments, unstealthy
A: almost no armour, amphibious, 8 rings, (constrict 8), (camouflage 0),
(gelatinous body 0)
a: End Transformation


You were in the Dungeon.
You were not hungry.
You were a venomous arachnid creature.
You visited 1 branch You collected 34 gold pieces.

Inventory:

Missiles
 a - 12 arrows
Scrolls
 i - a scroll of blinking {!r}
 m - a scroll of remove curse
Potions
 d - 2 potions of curing
 e - 2 potions of heal wounds
 f - a potion of haste
 g - 2 potions of magic
 j - 3 potions of mutation {unknown}
 o - a potion of cure mutation {unknown}
 p - a potion of agility {unknown}
 s - a potion of ambrosia {!q}
Books
 b - a book of Changes
Comestibles
 c - 2 bread rations {@e1}
 h - 7 chunks of flesh {@w0}
 n - a royal jelly


   Skills:
 + Level 3.5 Fighting
 + Level 4.0 Dodging
 + Level 4.5 Unarmed Combat
 + Level 3.6 Spellcasting
 + Level 4.0 Transmutations


You had 4 spell levels left.
You knew the following spells:

 Your Spells              Type           Power        Failure   Level  Hunger
a - Beastly Appendage     Trmt           ###...       12%         1    None
c - Spider Form           Trmt/Pois      #.........   50%         3    ###....
s - Sticks to Snakes      Trmt           ###.......   17%         2    ##.....


Dungeon Overview and Level Annotations

Branches:
Dungeon (1/1)

Altars:


Innate Abilities, Weirdness & Mutations

You cannot wear most types of armour.
You are amphibious.
You can wear up to eight rings at the same time.
((You can use your tentacles to constrict eight enemies at once.))
((Your skin changes colour to match your surroundings (Stealth).))
((Your rubbery body absorbs attacks (AC +1).))


Message History

Your transformation is almost over.
You kill the human!
Your Fighting skill increases to level 3!
You see here a human corpse.
You butcher the human corpse.
h - 3 chunks of flesh {@w0}
Things that are here:
a club; a robe You start resting.
Your transformation has ended.
You start resting.
Health restored: 26; MP restored: 7 You turn into a venomous arachnid creature.
You now have 4/7 mp.
The wolf howls!
You hit the wolf.
The wolf is poisoned.
The wolf misses you. The wolf bites you!
You take 12 damage, and have 14/26 hp.
MASSIVE DAMAGE!!
The wolf closely misses you. The wolf barely misses you.
You barely miss the wolf.
You kill the wolf!
Your Dodging skill increases to level 4!
Your Transmutations skill increases to level 4!
You have reached level 4!
You regained 2 hp, and now have 16/31 hp.
Your transformation is almost over.
You see here a wolf corpse.
You butcher the wolf corpse.
h - 7 chunks of flesh {@w0} (gained 4)
You see here a wolf skeleton.
There isn't anything to butcher here.
You start resting.
Your transformation has ended.
Memorise Sticks to Snakes, consuming 2 spell levels and leaving 4?
You start memorising the spell.
You continue memorising.
You continue memorising.
You finish memorising.
Spell assigned to 's'.
You start resting.
Health restored: 31; MP restored: 9 You open the door.
There is an open door here.
You now have 20 gold pieces (gained 13).
j - a smoky orange potion;
k - a scroll labeled HELIFE LENI
l - a scroll labeled JAKOIGG ZEGI;
m - a scroll labeled ZUXOTU LERPH
n - a royal jelly;
o - an emerald potion;
p - an orange potion
j - 3 smoky orange potions (gained 2);
q - a scroll labeled AJEHYUC IWIK
r - a scroll labeled SIORERODA
m - 2 scrolls labeled ZUXOTU LERPH (gained 1)
c - 2 bread rations {@e1} (gained 1);
s - a cyan potion
e - 2 potions of heal wounds (gained 1)
You now have 34 gold pieces (gained 14).
You aren't carrying any pieces of jewellery.
Unknown command.
Read which item? (? for menu, Esc to quit)
As you read the scroll labeled AJEHYUC IWIK, it crumbles to dust.
You speak a Word of immense power!
It was a scroll of holy word.
Read which item? (? for menu, Esc to quit)
As you read the scroll labeled ZUXOTU LERPH, it crumbles to dust.
You feel blessed for a moment.
It was a scroll of remove curse.
Read which item? (? for menu, Esc to quit)
As you read the scroll labeled HELIFE LENI, it crumbles to dust.
The air around you briefly surges with heat, but it dissipates.
It was a scroll of immolation.
Read which item? (? for menu, Esc to quit)
As you read the scroll labeled JAKOIGG ZEGI, it crumbles to dust.
You feel aware of your surroundings.
You sensed 22 altars, and 24 shops/portals.
It was a scroll of magic mapping.
Read which item? (? for menu, Esc to quit)
As you read the scroll labeled SIORERODA, it crumbles to dust.
It is a scroll of identify.
Identify which item? (\ to view known items) (? for menu, Esc to quit)
s - a potion of ambrosia
There is an open door here.
You open the door.
A water elemental comes into view.
You turn into a venomous arachnid creature.
You now have 6/9 mp.
You hit the water elemental.
The water elemental completely misses you.
You barely miss the water elemental. The water elemental misses you.
You hit the water elemental but do no damage.
The water elemental misses you.
You hit the water elemental. The water elemental closely misses you.
You hit the water elemental but do no damage.
The water elemental misses you.
You hit the water elemental. The water elemental misses you.
You bite the water elemental! The water elemental barely misses you.
You hit the water elemental but do no damage.
The water elemental hits you!!
Ouch! That really hurt!
You take 18 damage, and have 13/31 hp.
MASSIVE DAMAGE!!
You hit the water elemental. The water elemental barely misses you.
You hit the water elemental but do no damage.
The water elemental hits you!
Ouch! That really hurt!
You die...

▓▓▓▓▓▓▓▓ ▓▓▓ ***** <..#...####
##.#***********,*,,
...#......#####..#___*__,*__*,**,
..##.......#..#..#,,,*,,,*,_*,,,,
##.##.##...#..#..#*#+#+#**+**,,,,
##.##.###..##'#..#......,,,,*,,,,
#.####.##).###..sE.⌠....,,,,*,,**
.###..##..####...#...###***+*,***
#.....##..###....#,⌠.#__*,,,*+***
###..##...##.....#,,.#__*,,,*,,,,
##..##...÷#......#+**#__*,,,**,*,
#..###..##.#.....#,,,*__*,,,+**,*
#..# #..#####....#___*_,+,,,*,,,*
▓▓▓▓*▓▓▓▓***▓▓▓▓▓▓***************
*,,,+≈≈,≈≈≈≈≈≈**,,,,,****≈≈≈,,,,,


You could see a water elemental.

Vanquished Creatures
  Jessica (D)
  A wolf (D)
  A human (D)
  An ooze (D)
  2 rats (D)
6 creatures vanquished.

Vanquished Creatures (others)
  2 draconian scorchers (D)
  2 fire drakes (D)
  A yaktaur (D)
  3 plants (D)
8 creatures vanquished.

Grand Total: 14 creatures vanquished

Notes
Turn   | Place    | Note
--------------------------------------------------------------
     0 | D        | esc the Octopode Transmuter began the quest for the Orb.
     0 | D        | Reached XP level 1. HP: 13/13 MP: 3/3
   187 | D        | Killed a yaktaur
   206 | D        | Noticed Jessica
   212 | D        | Killed a white draconian scorcher
   227 | D        | Killed a fire drake
   238 | D        | Killed Jessica
   238 | D        | Reached skill level 2 in Fighting
   238 | D        | Reached skill level 3 in Dodging
   238 | D        | Reached skill level 4 in Unarmed Combat
   238 | D        | Reached skill level 3 in Spellcasting
   238 | D        | Reached skill level 3 in Transmutations
   238 | D        | Reached XP level 2. HP: 20/20 MP: 3/6
   238 | D        | Reached XP level 3. HP: 25/25 MP: 3/7
   256 | D        | Killed a white draconian scorcher
   281 | D        | Learned a level 3 spell: Spider Form
   303 | D        | Noticed a wolf
   323 | D        | Reached skill level 3 in Fighting
   373 | D        | Killed a wolf
   373 | D        | Reached skill level 4 in Dodging
   373 | D        | Reached skill level 4 in Transmutations
   373 | D        | Reached XP level 4. HP: 16/31 MP: 4/9
   388 | D        | Learned a level 2 spell: Sticks to Snakes
   457 | D        | Killed a fire drake
   545 | D        | Noticed a water elemental
   556 | D        | Slain by a water elemental

Vault maps used:
D:        dungeon_sprint_mu

Action                   |  1- 3 |  4- 6 || total
-------------------------+-------+-------++-------
Melee: Unarmed           |    18 |    10 ||    28
 Cast: Beastly Appendage |     2 |       ||     2
       Spider Form       |     3 |     1 ||     4
  Use: Potion            |     1 |       ||     1
       Scroll            |       |     5 ||     5
 Stab: Sleeping          |     2 |       ||     2

Vault maps used:
D:        dungeon_sprint_mu

Table legend:
 A = Turns spent in this place as a percentage of turns spent in the entire game.
 B = Non-inter-level travel turns spent in this place as a percentage of non-inter-level travel turns spent in the entire game.
 C = Inter-level travel turns spent in this place as a percentage of turns spent in this place.
 D = Turns resting spent in this place as a percentage of non-inter-level travel turns spent in this place.
 E = Turns spent auto-exploring this place as a percentage of non-inter-level travel turns spent in this place.
 F = Non-inter-level travel turns spent in this place divided by the number of levels of this place that you've seen.
                   A       B       C       D       E      F
               +-------+-------+-------+-------+-------+----------------------
         Total | 100.0 | 100.0 |   0.0 |  14.5 |   3.6 | 138.0
       Dungeon | 100.0 | 100.0 |   0.0 |  14.5 |   3.6 | 138.0
               +-------+-------+-------+-------+-------+----------------------

Table legend:
 A = Kills in this place as a percentage of kills in entire the game.
 B = Kills by you in this place as a percentage of kills by you in the entire game.
 C = Kills by friends in this place as a percentage of kills by friends in the entire game.
 D = Other kills in this place as a percentage of other kills in the entire game.
 E = Experience gained in this place as a percentage of experience gained in the entire game.
 F = Experience gained in this place divided by the number of levels of this place that you have seen.
                   A       B       C       D       E      F
               +-------+-------+-------+-------+-------+----------------------
         Total | 100.0 | 100.0 |  -nan |  -nan | 100.0 | 104.0
       Dungeon | 100.0 | 100.0 |  -nan |  -nan | 100.0 | 104.0
               +-------+-------+-------+-------+-------+----------------------
